Map: Ruins of Seras

Players

jingjingkio

  • Race: Zerg Zerg

jinjinn - Winner!

  • Race: Terran Terran
  • League: Master

VOD

Have the link to the VOD?

Description

Time

  • Played on: Jan. 6, 2016, 3:04 a.m.
  • Length: 8:15
Show
View Real Time Build Order
Export as new Build Order

jingjingkio Zerg 

Build Orders: 3 Hatch before Pool 

Get SALT Encoding   

  12  0:01  Drone  
  13  0:08  Drone  
  14  0:17  Overlord  
  14  0:36  Drone x3  
  17  0:47  Drone  
  18  0:59  Hatchery  
  18  1:01  Drone  
  18  1:09  Drone  
  19  1:26  Hatchery  
  18  1:38  Spawning Pool  
  17  1:40  Extractor  
  17  1:42  Drone  
  17  1:45  Drone  
  18  1:49  Drone  
  19  1:54  Drone  
  20  2:07  Drone  
  21  2:15  Drone  
  22  2:16  Drone  
  23  2:25  Roach Warren  
  23  2:26  Queen  
  24  2:33  Queen  
  26  2:38  Extractor  
  25  2:55  Drone x3  
  25  3:08  Drone, Queen  
  28  3:14  Queen  
  28  3:19  Roach, Extractor  
  33  3:20  Roach  
  33  3:28  Drone  
  33  3:30  Overlord  
  33  3:32  Overlord  
  34  3:38  Overlord  
  34  3:48  Lair  
  34  3:52  Drone  
  35  4:04  Drone x3  
  35  4:08  Drone x2  
  40  4:21  Roach x3  
  46  4:31  Overlord  
  46  4:33  Ravager x2  
  46  4:38  Roach  
  50  4:43  Overlord x2  
  50  4:47  Overlord  
  50  4:49  Ravager  
  50  4:50  Ravager  
  50  4:51  Overseer  
  52  4:54  Drone  
  53  5:01  Drone x2  
  53  5:04  Overseer  
  55  5:10  Drone  
  55  5:11  Drone  
  55  5:12  Drone x2  
  58  5:21  Drone  
  58  5:22  Drone x2  
  58  5:25  Drone  
  58  5:26  Drone x2  
  64  5:29  Roach  
  64  5:35  Queen  
  66  5:38  Drone  
  66  5:42  Drone  
  70  5:44  Roach x2  
  62  5:58  Roach x6  
  70  6:06  Roach x2  
  74  6:14  Overlord x3  
  74  6:15  Overlord  
  74  6:27  Overseer x2  
  62  6:43  Roach x4  
  62  6:44  Roach x2  
  62  6:45  Roach  
  58  7:01  Roach x2  
  58  7:02  Roach x2  
  62  7:11  Extractor  
  62  7:15  Extractor  
  60  7:16  Ravager  
  61  7:27  Roach x2  
  67  7:30  Roach  
  67  7:31  Overlord x5  
  67  7:34  Roach  
  69  7:38  Queen  
  69  7:40  Drone x3  
Show
View Real Time Build Order
Export as new Build Order

jinjinn Terran - Winner!

Build Orders: Reaper Expand 

Get SALT Encoding   

  12  0:01  SCV  
  13  0:13  SCV  
  14  0:18  Supply Depot  
  14  0:25  SCV  
  15  0:30  Refinery  
  15  0:40  SCV  
  16  0:47  Barracks  
  16  0:52  SCV  
  17  1:04  SCV  
  18  1:16  SCV  
  19  1:33  Orbital Command  
  19  1:34  Reaper  
  20  1:51  Command Center  
  20  1:59  SCV  
  21  2:06  Factory  
  21  2:09  Barracks Reactor  
  21  2:12  SCV  
  22  2:18  Supply Depot  
  22  2:24  SCV  
  22  2:29  Refinery  
  23  2:40  SCV  
  24  2:53  Barracks  
  24  2:56  Barracks Tech Lab  
  24  2:57  SCV  
  26  3:11  SCV, Ghost Academy  
  27  3:13  Orbital Command  
  27  3:15  Hellion  
  28  3:23  SCV  
  29  3:28  Hellion  
  31  3:35  SCV  
  32  3:42  Barracks Tech Lab, Ghost  
  32  3:46  SCV  
  32  3:47  SCV  
  36  3:50  Hellion  
  36  3:55  Hellion  
  40  3:58  SCV  
  41  4:04  SCV  
  41  4:06  Supply Depot  
  41  4:09  Ghost  
  44  4:11  SCV  
  45  4:22  SCV  
  46  4:27  Ghost  
  46  4:28  SCV  
  46  4:29  Supply Depot  
  49  4:34  SCV  
  49  4:36  Hellion  
  49  4:37  Hellion  
  54  4:39  Supply Depot  
  54  4:47  Armory  
  54  4:50  Ghost  
  54  4:51  SCV x2  
  58  4:55  Supply Depot  
  58  5:00  Hellion  
  58  5:03  SCV, Ghost  
  58  5:07  SCV  
  64  5:15  SCV  
  64  5:19  SCV, Hellion  
  68  5:25  Starport  
  68  5:26  Supply Depot  
  68  5:27  SCV  
  68  5:28  Ghost  
  71  5:39  SCV x2  
  73  5:43  Hellion x2  
  73  5:47  Ghost  
  79  5:51  SCV  
  79  5:52  SCV  
  79  6:03  SCV  
  80  6:06  SCV  
  81  6:14  Medivac  
  81  6:15  SCV, Hellion  
  81  6:17  Refinery x2  
  86  6:20  Command Center  
  86  6:24  SCV, Hellion  
  89  6:26  Ghost  
  89  6:27  SCV  
  88  6:42  Ghost  
  88  6:58  Viking  
  88  6:59  Hellion x2  
  94  7:18  Supply Depot x2  
  94  7:20  Nuke  
  94  7:22  Command Center  
  94  7:31  Ghost  
  94  7:32  SCV x2, Starport Reactor  
  94  7:35  Refinery  
  94  7:36  Hellion x2, Refinery  
  102  7:44  SCV x2  
  102  7:48  Command Center  
  102  7:56  SCV  
Tags
 
Add a new tag
Caveats
  • Supply blocks, unpowered buildings, or Contaminate may cause inaccurate times.
  • Supply counts are checked every 10 seconds.